[Event "Berliner IM-Turnier 2025"]
[Site "Berlin"]
[Date "2025.02.25"]
[Round "3.7"]
[White "Moritz, Aron"]
[Black "Florstedt, Johannes"]
[Result "1/2-1/2"]
[Annotator "TA"]
[ECO "B51"]
[WhiteElo "2276"]
[BlackElo "2349"]
[PlyCount "114"]
[EventDate "2025.02.23"]
[EventType "tourn"]
[EventCountry "GER"]
[SourceTitle "playchess.com"]
[Source "ChessBase"]
[SourceQuality "1"]
[TimeControl "40/5400+30:1800+30"]

1. e4 c5 2. Nf3 d6 3. Bb5+ Nd7 4. Ba4 a6 5. c4 Ngf6 6. Nc3 {[%emt 0:11:39] B51: Sicilian: Moscow Variation (3 Bb5+) without 3...Bd7.} e6 7. O-O Be7 8. d3 O-O 9. h3 Ne5 $1 {[%emt 0:05:43][%mdl 4] is recently more successful than 9...Qc7.} 10. Ne1 Bd7 11. f4 $146 (11. Bxd7 Nfxd7 12. f4 Nc6 13. Nf3 Bf6 14. a4 Nd4 15. g4 Nxf3+ 16. Qxf3 Nb8 17. g5 {0-1 Shubin,K (2454)-Savchenko,B (2550) RUS-ch Blitz 2022 (5)}) 11... Bxa4 12. Qxa4 Nc6 13. Nf3 Nd7 14. Be3 {[%emt 0:06:23] [#]} b5 $1 15. Qc2 (15. Qd1 Qa5) 15... Rb8 16. Qf2 Bf6 17. cxb5 axb5 18. d4 cxd4 19. Nxd4 Nxd4 20. Bxd4 b4 21. Ne2 e5 22. fxe5 dxe5 23. Ba7 Rc8 24. a3 Rc2 25. axb4 Qe7 26. Rfd1 Rxb2 27. Rab1 Bh4 28. Qe3 Bg5 (28... Qxb4 $2 29. Rxb2 Qxb2 30. Rxd7 $18) (28... Ra2 $11) 29. Qf3 $14 Ra2 {[%emt 0:03:53] [#]} (29... Rxb1 $11 {keeps the balance.} 30. Rxb1 Rc8) 30. Bf2 $1 $16 Rc8 (30... Qe6 $16) 31. Nc3 $18 Rc2 32. Nd5 Qe6 33. b5 g6 $2 {[%emt 0:00:59] Counterplay White} (33... Nc5 $16 {was worth a try.} 34. b6 Rb8 35. Bxc5 Rxc5) 34. b6 Rb8 35. Qd3 Rxf2 36. Kxf2 {[%emt 0:00:05] b7 would now be deadly.} Nxb6 {[%emt 0:00:46] [#]} 37. Rb5 (37. Qa6 $1 $18 Nd7 38. Rxb8+ Nxb8 39. Qxe6 fxe6 40. Nb6) 37... Nd7 $16 38. Rxb8+ Nxb8 39. Kg1 Nc6 40. Qa6 Nd4 41. Qd3 (41. Ra1 $16) 41... Qc6 (41... Nc6 $1 $11) 42. Rb1 h5 43. Kh1 h4 {[%emt 0:02:02] Prevents Qg3} 44. Qf1 Kg7 45. Kh2 Ne6 46. Qf3 Qc2 47. Rf1 Nf4 48. Rf2 (48. Kh1 {simplifies} Qc4 49. Nxf4 Bxf4 50. Rd1) 48... Qb1 49. Ne3 Qa1 50. Rf1 Qb2 51. Rf2 Qa1 52. Ng4 Qd4 53. Rf1 Qb2 54. Kh1 f6 (54... Kh8 $11) 55. Rf2 (55. Rd1 $14 {is superior.}) 55... Qb1+ $11 56. Rf1 (56. Kh2 $11) 56... Qb2 $14 57. Rf2 ({White should play} 57. Rd1 $14) 57... Qb1+ {[%emt 0:00:10] Black escapes into a draw.   Weighted Error Value: White=0.19 (very precise) /Black=0.18 (very precise)   Loses game:     	---       	Black=1      Mistake:       	White=5     	Black=5      Inaccurate:     	White=5     	Black=2      OK:         	White=13    	Black=28     Best:        	White=4     	---        Strong:       	White=1     	---} 1/2-1/2

[Event "Berliner IM-Turnier 2025"]
[Site "Berlin"]
[Date "2025.02.25"]
[Round "3.8"]
[White "Ahmadinia, Ebrahim"]
[Black "Poltorak, Sebastian"]
[Result "1/2-1/2"]
[Annotator "TA"]
[ECO "B11"]
[WhiteElo "2404"]
[BlackElo "2407"]
[PlyCount "152"]
[EventDate "2025.02.23"]
[EventType "tourn"]
[EventCountry "GER"]
[SourceTitle "playchess.com"]
[Source "ChessBase"]
[SourceQuality "1"]
[TimeControl "40/5400+30:1800+30"]

1. e4 c6 2. Nf3 d5 3. Nc3 dxe4 4. Nxe4 Nf6 5. Qe2 Bf5 6. Nxf6+ {[%emt 0:00:50] B11: Caro-Kann: Two Knights Variation.} gxf6 7. d4 Qd5 8. c4 {[%emt 0:12:45] White is slightly better.} Qe4 9. Qxe4 Bxe4 10. Be2 Na6 11. a3 {[%emt 0:01:24] Prevents Nb4.} O-O-O $146 ({Predecessor:} 11... h5 12. O-O Nc7 13. Be3 Bh6 14. Rfd1 O-O-O 15. Rac1 Kb8 16. Rc3 Ne6 17. Ne1 Bg6 {½-½ Young,A (2092)-Brown,T (2116) WLS-chT Wales 2023 (2.3)}) 12. Be3 Rg8 13. O-O Kb8 14. Rfd1 e6 15. Ne1 Nc7 16. f3 Bf5 17. Kf2 Bd6 18. g3 e5 19. Ng2 Ne6 {[%emt 0:02:39] [#]} 20. d5 Nd4 21. Bxd4 exd4 22. Bd3 (22. Rxd4 Bc5 23. Rad1 Bc2 $17) (22. Nh4 $14 Bc2 23. Rd2 (23. Rxd4 $2 Bc5 $19)) 22... Bxd3 $11 23. Rxd3 cxd5 24. cxd5 Bc7 25. Re1 (25. Rxd4 $2 Bb6 26. Kf1 Bxd4 $19) 25... Rxd5 26. Re7 Rf8 27. Re2 Re5 28. f4 (28. Rxd4 $2 Bb6 29. Rc2 Bxd4+ $19) 28... Re6 29. Nh4 (29. Rxd4 $2 Bb6 30. Red2 Rd8 $19 (30... Bxd4+ $2 31. Rxd4 Kc7 32. Rd5 $19)) 29... Rfe8 30. Red2 (30. Rxe6 fxe6 31. Nf3 (31. Rxd4 $2 {too greedy.} Bb6 $19) 31... e5 32. fxe5 fxe5 $19) 30... Ba5 31. b4 Bb6 32. Nf5 Rd8 33. Kf3 Rd5 (33... Ka8 $11) 34. g4 ({Better is} 34. Nxd4 $14 Red6 35. Ke4) 34... h5 35. h3 hxg4+ 36. hxg4 Re1 37. Nxd4 a5 38. Nc2 Rxd3+ 39. Rxd3 {[%emt 0:00:01][%mdl 4096] Endgame KRB-KRN} Rc1 40. bxa5 Bxa5 41. Ne3 Bc7 {[%emt 0:38:57] Prevents Rd6} 42. Ke4 Bb6 43. Kf5 Rc6 44. Nd1 Rc4 45. Nc3 (45. Kxf6 Rxf4+ 46. Kg5 Rc4 $15) 45... Bd4 46. Ne2 (46. Nd5 $16) 46... Ba1 {[%emt 0:00:00] The position is equal.} 47. Rd8+ Ka7 48. Rd2 Rc5+ 49. Ke4 Ra5 50. Ra2 f5+ $1 51. gxf5 Bf6 52. Nc1 Ra4+ 53. Ke3 Be7 54. Nd3 f6 55. Kd2 Rxa3 56. Rxa3+ Bxa3 {[%emt 0:00:06] KB-KN} 57. Kc3 Kb6 58. Kc4 Kc6 59. Nf2 $1 Be7 60. Ng4 Bd8 61. Ne3 Kb6 62. Nd5+ Ka5 63. Kc5 b5 64. Kd6 b4 {[%emt 0:07:53] [#]} 65. Kd7 {[%emt 0:00:20][%cal Od5b4] and Nxb4! should not be overlooked} Bb6 66. Nxf6 b3 {[%emt 0:01:52] ( -> ...b2)} (66... Bd4 $5 67. Ne4 $8 b3 $11) 67. Ne4 $1 b2 68. Nd2 $1 Kb4 {[%emt 0:00:01] Prevents Nc4} (68... Kb5 $5 69. f6 $8 Bc5 $11) 69. f6 Bc5 70. f7 Bf8 {[%emt 0:01:14] and ...Kc3 should not be overlooked} 71. Ke8 Bh6 72. f8=Q+ Bxf8 73. Kxf8 Kc3 74. Nb1+ Kc2 75. Na3+ Kb3 76. Nb1 Kc2 {[%emt 0:00:03] Weighted Error Value: White=0.10 (very precise) /Black=0.07 (flawless)   Mistake:       	White=3     	Black=1      Inaccurate:     	White=3     	Black=3      OK:         	White=30    	Black=32     Best:        	White=9     	Black=4      Strong:       	White=3     	Black=1} 1/2-1/2

[Event "Berliner IM-Turnier 2025"]
[Site "Berlin"]
[Date "2025.02.25"]
[Round "3.9"]
[White "Yatskar, Martin"]
[Black "Jakubowski, Krzysztof"]
[Result "0-1"]
[Annotator "ChessBase"]
[ECO "E32"]
[WhiteElo "2157"]
[BlackElo "2449"]
[PlyCount "96"]
[EventDate "2025.02.23"]
[EventType "tourn"]
[EventCountry "GER"]
[SourceTitle "playchess.com"]
[Source "ChessBase"]
[SourceQuality "1"]
[TimeControl "40/5400+30:1800+30"]

1. d4 Nf6 2. c4 e6 3. Nc3 Bb4 4. Qc2 b6 5. e4 c5 6. d5 Qe7 7. Nge2 exd5 8. exd5 Qe4 9. Qxe4+ Nxe4 10. Bd2 Nxd2 11. Kxd2 d6 12. a3 Ba5 13. Ng3 f5 14. Bd3 g6 15. Kc2 Bxc3 16. Kxc3 Kf7 17. Rae1 Na6 18. h4 Nc7 19. h5 Bd7 20. b4 Kf6 21. bxc5 dxc5 22. Re3 Rab8 23. Ne2 a6 24. f4 b5 25. Ng1 b4+ 26. axb4 cxb4+ 27. Kd4 Rhd8 28. Re5 b3 29. Nf3 b2 30. hxg6 hxg6 31. Bc2 Rb4 32. Kc3 Rdb8 33. Ree1 a5 34. Ne5 Ba4 35. Bxa4 b1=Q 36. Nd7+ Kg7 37. Rxb1 Rxb1 38. Nxb8 Rxh1 39. d6 Ne6 40. Nc6 Ra1 41. Bc2 Ra3+ 42. Kb2 Rg3 43. d7 Rxg2 44. d8=Q Nxd8 45. Nxd8 a4 46. Ne6+ Kf6 47. Nd4 a3+ 48. Kc3 Rf2 0-1

[Event "Berliner IM-Turnier 2025"]
[Site "Berlin"]
[Date "2025.02.25"]
[Round "3.10"]
[White "Noeldner, Julian"]
[Black "Schulze, Lara"]
[Result "1/2-1/2"]
[Annotator "ChessBase"]
[ECO "C84"]
[WhiteElo "2233"]
[BlackElo "2266"]
[PlyCount "83"]
[EventDate "2025.02.23"]
[EventType "tourn"]
[EventCountry "GER"]
[SourceTitle "playchess.com"]
[Source "ChessBase"]
[SourceQuality "1"]
[TimeControl "40/5400+30:1800+30"]

1. e4 e5 2. Nf3 Nc6 3. Bb5 a6 4. Ba4 Nf6 5. O-O Nxe4 6. d4 Be7 7. Re1 b5 8. Rxe4 d5 9. Nxe5 Nxe5 10. Rxe5 bxa4 11. Qe2 Be6 12. f4 Kf8 13. Nc3 Bf6 14. Nxa4 Bxe5 15. fxe5 Qh4 16. Be3 h5 17. Qd3 Qg4 18. Rf1 h4 19. h3 Qg3 20. Rf3 Qe1+ 21. Kh2 Kg8 22. Nc3 Rh5 23. Bd2 Qa1 24. b3 Qb2 25. Na4 Qa3 26. Nc5 Rxe5 27. dxe5 Qxc5 28. Rf4 Qe7 29. Ra4 c6 30. Be1 Bd7 31. Bxh4 Qxe5+ 32. Bg3 Qf5 33. Qc3 Re8 34. Rg4 f6 35. Rf4 Qh5 36. Qd3 Qh7 37. Qxa6 Qxc2 38. Rf2 Qb1 39. Rf1 Qc2 40. Rf2 Qb1 41. Rf1 Qc2 42. Rf2 1/2-1/2

[Event "Berliner IM-Turnier 2025"]
[Site "Berlin"]
[Date "2025.02.26"]
[Round "4.6"]
[White "Zobel, Christian"]
[Black "Schulze, Lara"]
[Result "0-1"]
[Annotator "ChessBase"]
[ECO "E20"]
[WhiteElo "2188"]
[BlackElo "2266"]
[PlyCount "86"]
[EventDate "2025.02.23"]
[EventType "tourn"]
[EventCountry "GER"]
[SourceTitle "playchess.com"]
[Source "ChessBase"]
[SourceQuality "1"]
[TimeControl "40/5400+30:1800+30"]

1. d4 Nf6 2. c4 e6 3. Nc3 Bb4 4. f3 c5 5. d5 b5 6. e4 d6 7. Bd2 Bxc3 8. Bxc3 b4 9. Bd2 O-O 10. Bg5 h6 11. Bh4 Ba6 12. Bd3 Nbd7 13. f4 exd5 14. exd5 Qe8+ 15. Ne2 Ng4 16. Bf2 Ndf6 17. O-O Ne3 18. Bxe3 Qxe3+ 19. Kh1 Ng4 20. Ng3 Nf2+ 21. Rxf2 Qxf2 22. Qg4 Rae8 23. h3 Bc8 24. f5 Re3 25. Nh5 Qxb2 26. Rd1 Rfe8 27. Kh2 Qe5+ 28. Ng3 h5 29. Qh4 a5 30. Bc2 Ba6 31. Bb3 Bc8 32. Rf1 Bd7 33. Bd1 Qxg3+ 34. Qxg3 Rxg3 35. Kxg3 h4+ 36. Kf4 Re5 37. Bg4 a4 38. Rf2 Re1 39. Re2 Rf1+ 40. Ke4 Rc1 41. Kd3 Rc3+ 42. Kd2 Kf8 43. Re4 Ra3 0-1

[Event "Berliner IM-Turnier 2025"]
[Site "Berlin"]
[Date "2025.02.26"]
[Round "4.7"]
[White "Jakubowski, Krzysztof"]
[Black "Noeldner, Julian"]
[Result "1/2-1/2"]
[Annotator "ChessBase"]
[ECO "A10"]
[WhiteElo "2449"]
[BlackElo "2233"]
[PlyCount "106"]
[EventDate "2025.02.23"]
[EventType "tourn"]
[EventCountry "GER"]
[SourceTitle "playchess.com"]
[Source "ChessBase"]
[SourceQuality "1"]
[TimeControl "40/5400+30:1800+30"]

1. c4 g6 2. e4 e5 3. Nc3 Bg7 4. h4 h5 5. d3 Ne7 6. Bg5 c6 7. Be2 d6 8. Qd2 a6 9. b4 Be6 10. Nf3 Bg4 11. a4 Nd7 12. a5 Nf8 13. Ng1 Bxe2 14. Ngxe2 Ne6 15. Na4 Qc7 16. Rc1 f6 17. Be3 f5 18. Nb6 Rd8 19. Nd5 Qd7 20. Nb6 Qc7 21. f3 O-O 22. O-O Kh7 23. d4 fxe4 24. fxe4 exd4 25. Nxd4 Nxd4 26. Bxd4 Nc8 27. Rxf8 Bxd4+ 28. Qxd4 Rxf8 29. Nxc8 Rxc8 30. Rd1 Re8 31. Qxd6 Qxd6 32. Rxd6 Rxe4 33. Rd7+ Kh6 34. Rxb7 Rxc4 35. g3 g5 36. Rb6 gxh4 37. gxh4 Kg7 38. Kf2 c5 39. bxc5 Rxc5 40. Rxa6 Rc4 41. Kg3 Rc3+ 42. Kf4 Rc4+ 43. Kf5 Rxh4 44. Ra7+ Kh6 45. Ra6+ Kg7 46. Ra7+ Kh6 47. Ra8 Ra4 48. Kf6 Kh7 49. a6 h4 50. Ra7+ Kh6 51. Ra8 Kh7 52. Ra7+ Kh6 53. Ra8 Kh7 1/2-1/2

[Event "Berliner IM-Turnier 2025"]
[Site "Berlin"]
[Date "2025.02.26"]
[Round "4.8"]
[White "Poltorak, Sebastian"]
[Black "Yatskar, Martin"]
[Result "1-0"]
[Annotator "ChessBase"]
[ECO "C47"]
[WhiteElo "2407"]
[BlackElo "2157"]
[PlyCount "129"]
[EventDate "2025.02.23"]
[EventType "tourn"]
[EventCountry "GER"]
[SourceTitle "playchess.com"]
[Source "ChessBase"]
[SourceQuality "1"]
[TimeControl "40/5400+30:1800+30"]

1. e4 e5 2. Nf3 Nc6 3. Nc3 Nf6 4. d4 exd4 5. Nd5 Bc5 6. Bg5 Be7 7. Bf4 d6 8. Nxd4 O-O 9. Nxc6 bxc6 10. Nxe7+ Qxe7 11. f3 Nxe4 12. Qe2 Re8 13. O-O-O Nc5 14. Qxe7 Rxe7 15. b4 Na4 16. Bd2 Be6 17. a3 Nb6 18. Re1 Rae8 19. Bd3 Bc4 20. Rxe7 Rxe7 21. Be4 Bd5 22. Bd3 g6 23. Bg5 Re8 24. Kd2 Bc4 25. Rc1 f5 26. Bh6 Kf7 27. g4 fxg4 28. fxg4 Ke6 29. Re1+ Kd7 30. Rf1 Be6 31. Rf4 Nd5 32. Rd4 Nf6 33. h3 Ng8 34. Be3 Nf6 35. c4 a5 36. Rf4 Ng8 37. bxa5 Ra8 38. g5 Rxa5 39. Rh4 Ne7 40. Rxh7 Kd8 41. Bd4 Nf5 42. Bf6+ Kc8 43. Rh8+ Kb7 44. Re8 Bf7 45. Rf8 Be6 46. Bc3 Rxa3 47. Rf6 Ra2+ 48. Kc1 Ng7 49. Rxg6 Bf5 50. Bxf5 Nxf5 51. Rf6 Ne3 52. g6 Rc2+ 53. Kb1 Rg2 54. h4 d5 55. h5 Rg1+ 56. Kb2 Nxc4+ 57. Kc2 c5 58. h6 d4 59. h7 Ne3+ 60. Kd3 dxc3 61. h8=Q c2 62. Qe8 c4+ 63. Ke4 Rg4+ 64. Kf3 Rf4+ 65. Kxf4 1-0

[Event "Berliner IM-Turnier 2025"]
[Site "Berlin"]
[Date "2025.02.26"]
[Round "4.9"]
[White "Florstedt, Johannes"]
[Black "Ahmadinia, Ebrahim"]
[Result "1-0"]
[Annotator "ChessBase"]
[ECO "C58"]
[WhiteElo "2349"]
[BlackElo "2404"]
[PlyCount "125"]
[EventDate "2025.02.23"]
[EventType "tourn"]
[EventCountry "GER"]
[SourceTitle "playchess.com"]
[Source "ChessBase"]
[SourceQuality "1"]
[TimeControl "40/5400+30:1800+30"]

1. e4 e5 2. Nf3 Nc6 3. Bc4 Nf6 4. Ng5 d5 5. exd5 Na5 6. Bb5+ c6 7. dxc6 bxc6 8. Qf3 Be7 9. Bd3 h6 10. Ne4 Nd5 11. Ng3 g6 12. Nc3 O-O 13. O-O f5 14. Re1 Bf6 15. Bf1 Bg7 16. d3 Rb8 17. a3 Nxc3 18. bxc3 c5 19. d4 cxd4 20. cxd4 Qxd4 21. Be3 Qa4 22. Qd5+ Kh7 23. Bxa7 Bb7 24. Qc5 Rbc8 25. Qb4 Bc6 26. Rab1 Ra8 27. Bc5 Rfb8 28. Qxa4 Bxa4 29. Rxb8 Rxb8 30. Bd6 Rc8 31. Bxe5 Bf8 32. c3 Nb3 33. h4 Bxa3 34. h5 Rd8 35. Bc4 Nc5 36. Bd4 Nb3 37. hxg6+ Kxg6 38. Re6+ Kh7 39. Nxf5 Bf8 40. Be3 Na5 41. Ba2 Bb3 42. Bxb3 Nxb3 43. Bxh6 Rd1+ 44. Kh2 Rd5 45. Rf6 Rxf5 46. Rxf5 Bxh6 47. c4 Bg7 48. Rd5 Bf8 49. g4 Nc5 50. f4 Ne4 51. Kg2 Nf6 52. Rf5 Nxg4 53. Rxf8 Ne3+ 54. Kf3 Nxc4 55. Rd8 Kg7 56. Rd7+ Kf6 57. Rd4 Na3 58. Rb4 Kf5 59. Ra4 Nb1 60. Ra5+ Kf6 61. Ke3 Nc3 62. Kd3 Nd1 63. Ra2 1-0

[Event "Berliner IM-Turnier 2025"]
[Site "Berlin"]
[Date "2025.02.26"]
[Round "4.10"]
[White "Muse, Drazen"]
[Black "Moritz, Aron"]
[Result "1/2-1/2"]
[Annotator "ChessBase"]
[ECO "E03"]
[WhiteElo "2309"]
[BlackElo "2276"]
[PlyCount "29"]
[EventDate "2025.02.23"]
[EventType "tourn"]
[EventCountry "GER"]
[SourceTitle "playchess.com"]
[Source "ChessBase"]
[SourceQuality "1"]
[TimeControl "40/5400+30:1800+30"]

1. d4 Nf6 2. c4 e6 3. g3 d5 4. Bg2 dxc4 5. Nf3 c5 6. Qa4+ Nbd7 7. O-O a6 8. dxc5 Bxc5 9. Qxc4 b5 10. Qb3 Bb7 11. a4 Bd5 12. Qd3 Be4 13. Qb3 Bd5 14. Qd3 Be4 15. Qb3 1/2-1/2

[Event "Berliner IM-Turnier 2025"]
[Site "Berlin"]
[Date "2025.02.27"]
[Round "5.6"]
[White "Moritz, Aron"]
[Black "Zobel, Christian"]
[Result "1/2-1/2"]
[Annotator "ChessBase"]
[ECO "B40"]
[WhiteElo "2276"]
[BlackElo "2188"]
[PlyCount "52"]
[EventDate "2025.02.23"]
[EventType "tourn"]
[EventCountry "GER"]
[SourceTitle "playchess.com"]
[Source "ChessBase"]
[SourceQuality "1"]
[TimeControl "40/5400+30:1800+30"]

1. e4 c5 2. Nf3 e6 3. g3 d6 4. Bg2 Nf6 5. e5 dxe5 6. Nxe5 Nbd7 7. Nc4 Nb6 8. Nxb6 Qxb6 9. Na3 Bd7 10. Nc4 Qc7 11. d3 Bc6 12. Bf4 Qc8 13. f3 Nd5 14. Bd2 Be7 15. Ne5 Bf6 16. Nxc6 Qxc6 17. c3 O-O 18. O-O c4 19. dxc4 Qxc4 20. Re1 Qb5 21. Rb1 Rad8 22. Qe2 Qa4 23. a3 Qb3 24. Rec1 Nb6 25. Be1 Nc4 26. f4 e5 1/2-1/2

[Event "Berliner IM-Turnier 2025"]
[Site "Berlin"]
[Date "2025.02.27"]
[Round "5.7"]
[White "Ahmadinia, Ebrahim"]
[Black "Muse, Drazen"]
[Result "1/2-1/2"]
[Annotator "ChessBase"]
[ECO "B08"]
[WhiteElo "2404"]
[BlackElo "2309"]
[PlyCount "40"]
[EventDate "2025.02.23"]
[EventType "tourn"]
[EventCountry "GER"]
[SourceTitle "playchess.com"]
[Source "ChessBase"]
[SourceQuality "1"]
[TimeControl "40/5400+30:1800+30"]

1. e4 Nc6 2. Nf3 d6 3. d4 Nf6 4. Nc3 g6 5. Be2 Bg7 6. O-O O-O 7. d5 Nb8 8. Be3 Bg4 9. a4 a5 10. Nd2 Bxe2 11. Qxe2 Qc8 12. Nc4 e6 13. Rae1 exd5 14. exd5 Na6 15. Nxa5 Nb4 16. Qb5 Nxc2 17. Re2 Nxe3 18. Rxe3 Ng4 19. Re2 Ne5 20. Nb3 c6 1/2-1/2

[Event "Berliner IM-Turnier 2025"]
[Site "Berlin"]
[Date "2025.02.27"]
[Round "5.8"]
[White "Yatskar, Martin"]
[Black "Florstedt, Johannes"]
[Result "0-1"]
[Annotator "ChessBase"]
[ECO "D78"]
[WhiteElo "2157"]
[BlackElo "2349"]
[PlyCount "76"]
[EventDate "2025.02.23"]
[EventType "tourn"]
[EventCountry "GER"]
[SourceTitle "playchess.com"]
[Source "ChessBase"]
[SourceQuality "1"]
[TimeControl "40/5400+30:1800+30"]

1. d4 Nf6 2. c4 g6 3. Nf3 Bg7 4. g3 c6 5. Bg2 d5 6. O-O O-O 7. Qb3 Qb6 8. Nc3 Rd8 9. Na4 Qxb3 10. axb3 Na6 11. Bf4 Be6 12. Rfc1 Ne8 13. e3 f6 14. cxd5 Bxd5 15. g4 g5 16. Bg3 Bxb3 17. Nd2 Bd5 18. Ne4 Nb4 19. Nac3 b6 20. Nxd5 cxd5 21. Nc3 e6 22. e4 dxe4 23. Bxe4 Rac8 24. Rxa7 Rxd4 25. Rca1 h5 26. f3 hxg4 27. fxg4 f5 28. Ra8 Rxa8 29. Rxa8 fxe4 30. Rxe8+ Kf7 31. Rb8 Rc4 32. Kf1 Bxc3 33. bxc3 Nd5 34. Be5 Ne3+ 35. Ke2 Nxg4 36. Rb7+ Kg6 37. Bg3 Rxc3 38. Rxb6 Rc2+ 0-1

[Event "Berliner IM-Turnier 2025"]
[Site "Berlin"]
[Date "2025.02.27"]
[Round "5.9"]
[White "Noeldner, Julian"]
[Black "Poltorak, Sebastian"]
[Result "0-1"]
[Annotator "ChessBase"]
[ECO "B11"]
[WhiteElo "2233"]
[BlackElo "2407"]
[PlyCount "76"]
[EventDate "2025.02.23"]
[EventType "tourn"]
[EventCountry "GER"]
[SourceTitle "playchess.com"]
[Source "ChessBase"]
[SourceQuality "1"]
[TimeControl "40/5400+30:1800+30"]

1. e4 c6 2. Nf3 d5 3. Nc3 dxe4 4. Nxe4 Nf6 5. Qe2 Nxe4 6. Qxe4 Be6 7. c4 g6 8. Qe5 Rg8 9. Qe3 Bg7 10. d4 Qb6 11. b3 Na6 12. c5 Qc7 13. Bxa6 Qa5+ 14. Bd2 Qxa6 15. Qe2 Qxe2+ 16. Kxe2 Bg4 17. Be3 O-O-O 18. Rad1 Rd5 19. Rd3 Rgd8 20. Rhd1 Rf5 21. b4 Bxf3+ 22. gxf3 Rh5 23. a4 a6 24. b5 axb5 25. axb5 cxb5 26. d5 b4 27. Bf4 Bc3 28. c6 bxc6 29. dxc6 Rxd3 30. Rxd3 Rc5 31. Rd7 Rxc6 32. Rxe7 b3 33. Re8+ Kd7 34. Rb8 b2 35. Rb7+ Ke6 36. Kd3 Bg7 37. Bd2 Rc1 38. Rb6+ Kd7 0-1

[Event "Berliner IM-Turnier 2025"]
[Site "Berlin"]
[Date "2025.02.27"]
[Round "5.10"]
[White "Schulze, Lara"]
[Black "Jakubowski, Krzysztof"]
[Result "1/2-1/2"]
[Annotator "ChessBase"]
[ECO "B22"]
[WhiteElo "2266"]
[BlackElo "2449"]
[PlyCount "136"]
[EventDate "2025.02.23"]
[EventType "tourn"]
[EventCountry "GER"]
[SourceTitle "playchess.com"]
[Source "ChessBase"]
[SourceQuality "1"]
[TimeControl "40/5400+30:1800+30"]

1. e4 c5 2. Nf3 e6 3. c3 Nf6 4. e5 Nd5 5. d4 cxd4 6. cxd4 b6 7. Bc4 Ba6 8. Nbd2 Qc8 9. Qe2 Nf4 10. Bxa6 Qxa6 11. Qxa6 Nxa6 12. Ne4 Bb4+ 13. Kf1 Nd5 14. a3 Be7 15. Bd2 O-O 16. Ke2 f5 17. Nc3 Nac7 18. Rac1 a5 19. Rc2 b5 20. Rhc1 Nxc3+ 21. Rxc3 Nd5 22. R3c2 Rfb8 23. Ne1 b4 24. axb4 Bxb4 25. Nd3 Kf7 26. Rc4 Bxd2 27. Kxd2 Ne7 28. Rc5 Nc6 29. R1c4 a4 30. Ke3 Ne7 31. Kd2 Nd5 32. Rc1 a3 33. bxa3 Rxa3 34. Ne1 Rb2+ 35. R5c2 Rbb3 36. Rc4 Nb4 37. Ke2 Ra2+ 38. Kf1 Rbb2 39. Kg1 g5 40. h3 Kg6 41. g4 fxg4 42. hxg4 h5 43. gxh5+ Kxh5 44. R1c3 Kg6 45. Rc1 Kf5 46. f3 Nc6 47. R1c2 Nb4 48. Rxb4 Rxc2 49. Nxc2 Rxc2 50. Rb7 Kf4 51. Rxd7 Kg3 52. Kf1 Kxf3 53. Rf7+ Ke4 54. Rg7 g4 55. Rg6 Rc6 56. Kf2 Kxd4 57. Rxg4+ Kxe5 58. Ke2 Kf5 59. Ra4 Rc2+ 60. Ke3 Rh2 61. Rb4 e5 62. Ra4 Rh3+ 63. Ke2 e4 64. Ra8 Rh2+ 65. Ke3 Rh3+ 66. Ke2 Rh2+ 67. Ke3 Rh3+ 68. Ke2 Rh2+ 1/2-1/2

[Event "Berliner IM-Turnier 2025"]
[Site "Berlin"]
[Date "2025.02.28"]
[Round "6.6"]
[White "Zobel, Christian"]
[Black "Jakubowski, Krzysztof"]
[Result "0-1"]
[Annotator "ChessBase"]
[ECO "A01"]
[WhiteElo "2188"]
[BlackElo "2449"]
[PlyCount "70"]
[EventDate "2025.02.23"]
[EventType "tourn"]
[EventCountry "GER"]
[SourceTitle "playchess.com"]
[Source "ChessBase"]
[SourceQuality "1"]
[TimeControl "40/5400+30:1800+30"]

1. b3 a5 2. a4 d5 3. Bb2 Bf5 4. Nf3 e6 5. e3 h6 6. Be2 Nf6 7. O-O Be7 8. Ne5 O-O 9. f4 Nfd7 10. Bg4 Bh7 11. Bh3 Nxe5 12. fxe5 Nc6 13. d4 Nb4 14. Na3 c5 15. Rf2 Rc8 16. c3 Nd3 17. Rd2 Nxb2 18. Rxb2 cxd4 19. cxd4 Rc3 20. Nb5 Rxe3 21. Rc1 Bb4 22. Qg4 Bd3 23. Rf2 Bxb5 24. axb5 Rxb3 25. Rcf1 Qg5 26. Qxg5 hxg5 27. Rxf7 Re8 28. Rd7 a4 29. Rff7 Bf8 30. Rxb7 a3 31. Rf1 Bb4 32. Rb6 Bc3 33. Bxe6+ Rxe6 34. Rxe6 Bxd4+ 35. Kh1 a2 0-1

[Event "Berliner IM-Turnier 2025"]
[Site "Berlin"]
[Date "2025.02.28"]
[Round "6.7"]
[White "Poltorak, Sebastian"]
[Black "Schulze, Lara"]
[Result "1-0"]
[Annotator "ChessBase"]
[ECO "D38"]
[WhiteElo "2407"]
[BlackElo "2266"]
[PlyCount "75"]
[EventDate "2025.02.23"]
[EventType "tourn"]
[EventCountry "GER"]
[SourceTitle "playchess.com"]
[Source "ChessBase"]
[SourceQuality "1"]
[TimeControl "40/5400+30:1800+30"]

1. d4 Nf6 2. c4 e6 3. Nc3 Bb4 4. Nf3 d5 5. Qa4+ Nc6 6. a3 Bxc3+ 7. bxc3 Ne4 8. e3 Nxc3 9. Qc2 Ne4 10. Bd3 f5 11. cxd5 exd5 12. Ne5 Ne7 13. a4 O-O 14. Ba3 Rf6 15. Rc1 c6 16. f3 Qa5+ 17. Ke2 Nd6 18. g3 Qd8 19. Qc3 Bd7 20. h4 Be8 21. Rcg1 a5 22. h5 b5 23. Qc2 Nc4 24. Bc5 h6 25. g4 fxg4 26. Nxg4 Re6 27. f4 Nc8 28. f5 Rf6 29. e4 dxe4 30. Bxc4+ bxc4 31. Qxe4 Bf7 32. Qe5 Kh7 33. Nxf6+ gxf6 34. Qg3 Qh8 35. Kf2 Na7 36. Qc7 Qe8 37. Re1 Qg8 38. Rhg1 1-0

[Event "Berliner IM-Turnier 2025"]
[Site "Berlin"]
[Date "2025.02.28"]
[Round "6.8"]
[White "Florstedt, Johannes"]
[Black "Noeldner, Julian"]
[Result "1-0"]
[Annotator "ChessBase"]
[ECO "C47"]
[WhiteElo "2349"]
[BlackElo "2233"]
[PlyCount "65"]
[EventDate "2025.02.23"]
[EventType "tourn"]
[EventCountry "GER"]
[SourceTitle "playchess.com"]
[Source "ChessBase"]
[SourceQuality "1"]
[TimeControl "40/5400+30:1800+30"]

1. e4 e5 2. Nf3 Nf6 3. Nc3 Nc6 4. d4 exd4 5. Nxd4 Bb4 6. Nxc6 bxc6 7. Bd3 d5 8. exd5 O-O 9. O-O Bg4 10. f3 Bh5 11. dxc6 Qd4+ 12. Kh1 Bxc3 13. bxc3 Qxc3 14. Bf4 Qxc6 15. Qe2 Rad8 16. Bb5 Qc5 17. Be3 Qa3 18. Qf2 Qa5 19. Bc4 Rfe8 20. Bxa7 Rd2 21. Qc5 Qxc5 22. Bxc5 Rxc2 23. Rfc1 Bg6 24. Rxc2 Bxc2 25. a4 Re5 26. a5 Rxc5 27. a6 Rxc4 28. a7 h5 29. a8=Q+ Kh7 30. Qa2 Bd3 31. Qb3 Be2 32. Re1 Kg8 33. Kg1 1-0

[Event "Berliner IM-Turnier 2025"]
[Site "Berlin"]
[Date "2025.02.28"]
[Round "6.9"]
[White "Muse, Drazen"]
[Black "Yatskar, Martin"]
[Result "0-1"]
[Annotator "ChessBase"]
[ECO "D32"]
[WhiteElo "2309"]
[BlackElo "2157"]
[PlyCount "72"]
[EventDate "2025.02.23"]
[EventType "tourn"]
[EventCountry "GER"]
[SourceTitle "playchess.com"]
[Source "ChessBase"]
[SourceQuality "1"]
[TimeControl "40/5400+30:1800+30"]

1. d4 d5 2. Nf3 c5 3. c4 e6 4. cxd5 exd5 5. Bg5 Be7 6. Bxe7 Nxe7 7. dxc5 Nbc6 8. e3 Qa5+ 9. Nc3 O-O 10. Be2 Bg4 11. O-O Qxc5 12. Rc1 Rfd8 13. Qb3 Qd6 14. Rfd1 Qf6 15. Nb5 Ne5 16. Nbd4 Nf5 17. Nxe5 Nxd4 18. Nxg4 Nxe2+ 19. Kf1 Qh4 20. Kxe2 Qxg4+ 21. Kf1 Qh5 22. h3 b6 23. Rd4 g6 24. Rcd1 Rac8 25. e4 Qe5 26. g3 Kg7 27. Rxd5 Rxd5 28. exd5 Qe4 29. Kg1 Qc2 30. Qf3 Qxb2 31. d6 Qf6 32. d7 Qxf3 33. dxc8=Q Qxd1+ 34. Kg2 Qd5+ 35. Kg1 Qxa2 36. Qc3+ f6 0-1